Description

If You Like my builds subscribe to my Youtube.com channel, become a patron on Patreon.com or follow social media channels:

1)Youtube Channel http://www.youtube.com/c/AndYouLeftTheGame

2)Become Patreon http://www.Patreon.com/AndYouLeftTheGame

3)Follow Twitter https://twitter.com/AndYouLeftTheG1

4)Donate using Bitcoin 1nf8rHZPJkkfPpfef1xsYNZwxfj1uiy4M

VOD

https://www.youtube.com/watch?v=NZM2C-7YX9A

Build Order

Get SALT Encoding   

  15  0:17  Supply Depot  15 Harvesters or Over
  16  0:27  Refinery  16 Harvesters or Over
  17  0:44  Barracks  17 Harvesters or Over
  18  0:54  Refinery  18 Harvesters or Over
  18  1:30  Orbital Command  
  18  1:31  Supply Depot  
  20  1:43  Factory  20 Harvesters or Over
  22  2:28  Command Center  22 Harvesters or Over
  22  2:36  Barracks Tech Lab  
  22  2:51  Supply Depot  
  25  3:00  Starport  25 Harvesters or Over
  25  3:30  Supply Depot  
  25  3:37  Engineering Bay  
  25  3:59  Orbital Command  
  25  4:09  Missile Turret  
  25  4:15  Missile Turret  
  25  4:39  Factory Tech Lab  
  25  5:05  Starport Tech Lab  
  25  5:33  Stimpack  Can be researched earlier
  36  6:00  Barracks  36 Harvesters or Over
  36  6:01  Barracks  
  36  6:10  Terran Infantry Weapons Level 1  Can be researched earlier as well more upgrades can be done whenever you can afford them
  36  6:12  Supply Depot  
  36  6:32  Supply Depot  
  36  6:45  Refinery  
  36  6:57  Command Center  
  36  7:04  Barracks Reactor, Barracks Tech Lab  
  47  7:05  Refinery  
  47  7:12  Supply Depot  
  47  7:29  Barracks x2  47 Harvesters or Over
  47  7:30  Missile Turret  
  47  7:35  Armory  
  47  7:36  Armory  
  47  8:00  Barracks Reactor, Barracks Tech Lab  
  50  8:06  Command Center  AndYouLeftTheGame Subscribe and Follow Social Media Channels
Spawning Tool Build Advisor. Get it on Overwolf

Analysis

Beginner friendly build, map played is Lost and Found LE and the build order is based on professional Starcraft 2 game in WCS Austin 2018 but its not the exact copy.

Dont take supply count as a serious measure because situation will always change from game to game so it cant be precise all the time, train soldiers at your discretion in order to tackle or prepare for various combat situations that may arise during gameplay.

Watch incorporated Youtube video in this posts VOD section or follow the link to ( https://www.youtube.com/watch?v=NZM2C-7YX9A ), where I have played the build myself, you will learn where exactly to place the buildings and how it all comes together.

You can add Ghost Academy whenever you want during the game.

Go to:

Details

  • Created by: AndYouLeftTheGame     
  • Published on: Jun 30, 2018
  • Modified on: Jul 03, 2018
  • Patch: 4.0.0
Show
View Real Time Build Order
Export as new Build Order

Comments (0)

There are no comments. Be the first!

Create an account to comment!